 Dungeon Crawl Stone Soup version 0.31.0-11-ge490571c62 (webtiles) character file.

Game seed: 17804217783499424060

573367 shadizar the Smokeless Flame (level 27, -14/200 (210) HPs)
             Began as a Djinni Conjurer on Jan 27, 2024.
             Was the Champion of Makhleb.
             Killed from afar by Asmodeus (25 damage)
             ... with damnation
             ... on level 7 of Gehenna.
             The game lasted 02:53:26 (60383 turns).

shadizar the Smokeless Flame (Djinni Conjurer)     Turns: 60383, Time: 02:53:26

HP:   -14/200 (210) AC: 39    Str: 10      XL:     27
Gold: 5916          EV: 11    Int: 43      God:    Makhleb [******] SH: 13 Dex:  8 (9)

rFire   + + +        V - staff "Orb Guardian's Peril" {rC+ Int+4 Dex-4 Ice}
rCold   . . .        j - +1 kite shield {AC+3}
rNeg    + + +        K - +10 pearl dragon scales
rPois   ∞            W - +4 helmet "Ownai" {rF+++ rN+++ Str-3 Stlth+}
rElec   +            v - +2 cloak {rCorr}
rCorr   +            f - +2 pair of gloves
SInv    .            (boots unavailable)
Will    +++++        g - amulet of the Orange Skies {Acrobat +Blink rElec rPois rF- Will+++}
Stlth   +            i - +6 ring of intelligence
HPRegen 0.00/turn    c - ring of Suspected Treachery {rN+ Str+7}
MPRegen 0.00/turn

%: random rage (3%), acrobat, infuse magic (-15 HP)
@: weakened, flying, inhibited regen, studying 4 skills, lightly drained,
invisible, unable to read
A: sickness immunity, fire resistance 2, cold vulnerability 1, float, innate
caster, HP casting, extra vitality 1, berserk 1, deformed body, deterioration 1,
inhibited regeneration, teleportitis 1
}: 4/15 runes: serpentine, barnacled, slimy, silver
a: Renounce Religion, Evoke Blink, Minor Destruction, Lesser Servant of Makhleb,
Major Destruction, Greater Servant of Makhleb


You were on level 7 of Gehenna.
You worshipped Makhleb.
Makhleb was exalted by your worship.
You visited 12 branches of the dungeon, and saw 53 of its levels.
You also visited: Bailey, Ice Cave, Volcano, Wizlab and Desolation.

You collected 9827 gold pieces.
You spent 3911 gold pieces at shops.

Inventory:

Armour
 f - a +2 pair of gloves (worn)
 j - a +1 kite shield of protection (worn)
 m - a scarf of resistance
 n - a +1 tower shield of cold resistance
 v - a +2 cloak of preservation (worn)
 K - +10 pearl dragon scales (worn)
 W - the +4 helmet "Ownai" (worn) {rF+++ rN+++ Str-3 Stlth+}
   (You found it on level 3 of the Elven Halls)

   Str-3:     It affects your strength (-3).
   rF+++:     It renders you almost immune to fire.
   rN+++:     It renders you almost immune to negative energy.
   Stlth+:    It makes you more stealthy.
Magical Staves
 S - the staff "Putusej" {^Contam +Blink rElec SInv Air}
   (You found it on level 5 of the Lair of Beasts)

   [staff of air]

   Base accuracy: +5 Base damage: 5 Base attack delay: 1.2 This weapon's minimum
   attack delay (0.6) is reached at skill level 12.
   rElec:     It insulates you from electricity.
   SInv:      It lets you see invisible.
   +Blink:    It lets you blink.
   ^Contam:   It causes magical contamination when unequipped.
   Air:       It increases the power of your Air spells.
   It falls into the 'Staves' category.
   It is a one-handed weapon.
 U - the staff "Fairidoa" {+Blink rC+ Dex+3 Ice Alchemy}
   (You found it on level 5 of the Pits of Slime)

   [staff of cold]

   Base accuracy: +5 Base damage: 5 Base attack delay: 1.2 This weapon's minimum
   attack delay (0.6) is reached at skill level 12.
   Dex+3:     It affects your dexterity (+3).
   rC+:       It protects you from cold.
   +Blink:    It lets you blink.
   Ice:       It increases the power of your Ice spells.
   Alchemy:   It increases the power of your Alchemy spells.
   It falls into the 'Staves' category.
   It is a one-handed weapon.
 V - the staff "Orb Guardian's Peril" (weapon) {rC+ Int+4 Dex-4 Ice}
   (You found it on level 5 of the Pits of Slime)

   [staff of cold]

   Base accuracy: +5 Base damage: 5 Base attack delay: 1.2 This weapon's minimum
   attack delay (0.6) is reached at skill level 12.
   Int+4:     It affects your intelligence (+4).
   Dex-4:     It affects your dexterity (-4).
   rC+:       It protects you from cold.
   Ice:       It increases the power of your Ice spells.
   It falls into the 'Staves' category.
   It is a one-handed weapon.
Jewellery
 c - the ring of Suspected Treachery (right hand) {rN+ Str+7}
   (You found it on level 3 of the Elven Halls)

   [ring of positive energy]

   Str+7:     It affects your strength (+7).
   rN+:       It protects you from negative energy.
 g - the amulet of the Orange Skies (around neck) {Acrobat +Blink rElec rPois rF- Will+++}
   (You acquired it on level 12 of the Dungeon)

   [amulet of the acrobat]

   Acrobat:   It increases your evasion while moving and waiting.
   rF-:       It makes you vulnerable to fire.
   rElec:     It insulates you from electricity.
   rPois:     It protects you from poison Will+++: It greatly increases your
   willpower.
   +Blink:    It lets you blink.
 i - a +6 ring of intelligence (left hand)
 p - a ring of ice
 y - the ring "Kooh Loa" {Ice MP+9 Str+4}
   (You found it in a wizard's laboratory)

   [ring of ice]

   Ice:       It enhances your ice magic.
   Str+4:     It affects your strength (+4).
   rF-:       It makes you vulnerable to fire.
   rC+:       It protects you from cold.
   MP+9:      It affects your magic capacity (+9).
 G - the ring of Qunemeli {Fly rElec rPois rN+ rCorr}
   (You bought it in a shop on level 4 of the Snake Pit)

   [ring of flight]

   rElec:     It insulates you from electricity.
   rPois:     It protects you from poison rN+: It protects you from negative
   energy.
   Fly:       It grants you flight.
   rCorr:     It protects you from acid and corrosion.
 N - a ring of protection from cold
 O - the ring of Jucuk {rN+ Will+ Int+2 Slay+6}
   (You acquired it on level 4 of the Snake Pit)

   [ring of positive energy]

   Int+2:     It affects your intelligence (+2).
   Slay+6:    It affects your accuracy & damage with ranged weapons and melee
   (+6).
   rN+:       It protects you from negative energy.
   Will+:     It increases your willpower.
Wands
 l - a wand of roots (41)
 o - a wand of flame (198)
 u - a wand of digging (4)
 w - a wand of acid (54)
 D - a wand of polymorph (21)
 T - a wand of charming (29)
Scrolls
 b - a scroll of silence
 d - 4 scrolls of blinking
 k - 21 scrolls of identify
 q - 2 scrolls of enchant weapon
 s - 5 scrolls of summoning
 z - 2 scrolls of brand weapon
 C - a scroll of revelation
 P - 2 scrolls of poison
 R - 4 scrolls of fog
 X - 2 scrolls of teleportation
 Z - a scroll of immolation
Potions
 a - 12 potions of curing
 e - a potion of heal wounds
 h - 2 potions of enlightenment
 t - 7 potions of haste
 A - 4 potions of attraction
 B - a potion of might
 E - a potion of invisibility
 H - 2 potions of cancellation
 J - 6 potions of resistance
 L - a potion of ambrosia
 Q - 5 potions of brilliance
Miscellaneous
 r - the horn of Geryon


   Skills:
 - Level 21.4 Fighting
 - Level 18.0 Armour
 - Level 18.4 Dodging
 - Level 2.0 Stealth
 - Level 15.6 Shields
 * Level 24.7 Spellcasting
 * Level 24.7 Conjurations
 * Level 24.7 Hexes
 * Level 24.7 Summonings
 * Level 25.6 Necromancy
 * Level 24.7 Translocations
 O Level 27 Fire Magic
 * Level 24.7 Ice Magic
 * Level 24.7 Air Magic
 O Level 27 Earth Magic
 * Level 24.7 Alchemy


You knew the following spells:

 Your Spells              Type           Power      Damage    Failure   Level
a - Magic Dart            Conj           100%       1d8       0%          1
b - Searing Ray           Conj           100%       2d8       0%          2
c - Fulminant Prism       Conj/Alch      66%        3d28      0%          4
d - Iskenderun's Mystic   Conj/Tloc      100%       2d19      0%          4
e - Sandblast             Erth           100%       2d20      0%          1
f - Scorch                Fire           100%       2d9       0%          2
g - Summon Ice Beast      Ice/Summ       100%       N/A       0%          3
h - Cause Fear            Hex            66%        N/A       0%          4
i - Curse of Agony        Necr           100%       N/A       0%          5
j - Fireball              Conj/Fire      67%        3d25      0%          5
k - Dispersal             Tloc           66%        N/A       0%          6
l - Malign Gateway        Summ/Tloc      66%        N/A       1%          7
m - Eringya's Noxious Bo  Alch           66%        4d6       0%          6
n - Haunt                 Necr/Summ      66%        N/A       1%          7
o - Ozocubu's Refrigerat  Ice            79%        4d25      1%          7
p - Lehudib's Crystal Sp  Conj/Erth      67%        10d15     1%          8
q - Shatter               Erth           68%        3d50*     4%          9
Your spell library was empty.

Dungeon Overview and Level Annotations

Branches:
Dungeon (15/15)            Temple (1/1) D:5            Lair (5/5) D:11
 Shoals (4/4) Lair:3        Snake (4/4) Lair:3        Slime (5/5) Lair:5
    Orc (2/2) D:12            Elf (3/3) Orc:2        Vaults (5/5) D:13
  Crypt (0/3) Vaults:3     Depths (1/4) D:15           Hell (visited)
    Dis (0/7) Hell            Geh (7/7) Hell            Coc (0/7) Hell
    Tar (0/7) Hell         Bailey (visited)           IceCv (visited)
Volcano (visited)          WizLab (visited)         Desolation (visited)

Altars:
Ashenzari
Cheibriados
Dithmenos
Elyvilon
Fedhas
Gozag
Hepliaklqana
Makhleb
Nemelex Xobeh
Okawaru
Qazlal
Ru
Trog
Uskayaw
Wu Jian
Xom
Yredelemnul
Zin
The Shining One
Jiyva
Lugonu

Shops:
D:10 [   Orc:2 =*[(   Elf:2 *   Elf:3 [   Shoals:1 *   Snake:4 (!?*
Vaults:2 *   Vaults:3 :!(=   Vaults:4 (

Portals:
Hell: Depths:1
Abyss: Shoals:2

Annotations:
D:4 1 runed translucent door, Crazy Yiuf
Shoals:2 1 runed translucent door
Geh:7 Asmodeus, Serpent of Hell


Innate Abilities, Weirdness & Mutations

You are immune to sickness and miasma.
You are immune to poison.
Your flesh is very heat resistant. (rF++)
You are vulnerable to cold. (rC-)
You float through the air rather than walking.
You learn spells naturally, not from books.
Your magical power is your life essence.
You have superior vitality. (+4 MHP)
You sometimes lose your temper in combat.
Armour fits poorly on your strangely shaped body.
Your body sometimes deteriorates upon taking damage.
You do not regenerate when monsters are visible.
You are occasionally teleported next to monsters.


Message History

The crystal spear hits Asmodeus!!
Asmodeus is severely wounded.
* * * LOW HITPOINT WARNING * * *
Unknown command.
Unknown command.
Casting: Lehudib's Crystal Spear (mildly dangerous; 1% risk of failure)
Confirm with . or Enter, or press ? or * to list all spells.
You erupt in a blast of force!
The mystic blast hits Asmodeus but does no damage.
Asmodeus is severely wounded.
* * * LOW HITPOINT WARNING * * *
You resist.
Asmodeus hits you with the +13 sceptre of Asmodeus!!
* * * LOW HITPOINT WARNING * * *
Your body deteriorates!
You feel clumsy.
Unknown command.
Unknown command.
Unknown command.
Casting: Iskenderun's Mystic Blast (safe; 0% risk of failure)
Confirm with . or Enter, or press ? or * to list all spells.
You erupt in a blast of force!
The mystic blast hits Asmodeus!!
Asmodeus is severely wounded.
Asmodeus is knocked back by the mystic blast.
* * * LOW HITPOINT WARNING * * *
Unknown command.
Unknown command.
Unknown command.
Unknown command.
Unknown command.
Unknown command.
Casting: Iskenderun's Mystic Blast (safe; 0% risk of failure)
Confirm with . or Enter, or press ? or * to list all spells.
You erupt in a blast of force!
The mystic blast hits Asmodeus but does no damage.
Asmodeus is severely wounded.
* * * LOW HITPOINT WARNING * * *
You resist. Asmodeus gestures at you.
The sphere of damnation explodes!
The damnation engulfs you!!
You die...

#########
$.#$$$.#
(.$..$# #$..$#
#.$$$# #@#
#&○.# $°○$.†.
$$$#...#.§§
######'##.§§≈#
... .§≈# ...
§§# ≈≈≈ ≈§#


You could see Asmodeus (clouds).

Vanquished Creatures
  the Royal Jelly (Slime:5)
  2 dread liches (Vaults:5)
  2 ancient liches
  Saint Roka (Snake:2)
  Vashnia (Snake:2)
  Geryon (Hell)
  10 Brimstone Fiends
  8 hellephants
  An electric golem (WizLab)
  A tentacled monstrosity (Vaults:5)
  21 acid blobs
  Rupert (D:15)
  4 deep elf blademasters (Elf:3)
  7 sphinxes
  2 quicksilver dragons (Vaults:5)
  10 searing wretches
  5 titans
  An ancient champion (Hell)
  Aizul (Snake:4)
  6 tengu reavers
  Frances (Snake:2)
  2 storm dragons (Vaults:5)
  11 rockslimes
  5 shadow dragons (Vaults:5)
  4 nagarajas
  Ilsuiw (Shoals:2)
  A daeva (Shoals:4)
  15 azure jellies
  10 frost giants
  11 fire giants
  An imperial myrmidon (Desolation)
  2 iron dragons (Vaults:5)
  An angel (WizLab)
  8 balrugs
  11 deep elf elementalists
  13 vault wardens
  2 reapers (Hell)
  9 deep elf sorcerers
  3 orc warlords
  13 ironbound thunderhulks
  20 ironbound preservers
  9 quicksilver oozes
  A cacodemon (Hell)
  3 very ugly things (Depths:1)
  9 stone giants
  3 formless jellyfish (Slime:4)
  3 deep elf demonologists (Elf:3)
  A vampire knight (Vaults:3)
  Nessos (D:15)
  A lorocyproca (Hell)
  2 halazid warlocks (Desolation)
  2 deep elf death magi (Vaults:5)
  3 war gargoyles
  9 deep elf annihilators (Elf:3)
  A blizzard demon (Hell)
  2 eidola (Vaults:2)
  9 dire elephants
  2 fire dragons (Depths:1)
  A merfolk javelineer (Shoals:4)
  6 crystal guardians
  11 merfolk impalers
  11 deep elf high priests
  4 ettins
  12 yaktaur captains
  An iron golem (Hell)
  Josephine (D:11)
  An entropy weaver (Vaults:4)
  A rakshasa (Depths:1)
  11 ragged hierophants (Desolation)
  7 spriggan zombies (Hell)
  9 great orbs of eyes
  17 peacekeepers
  2 hell beasts (Depths:1)
  13 salamander tyrants
  Harold (D:11)
  7 servants of whispers (Desolation)
  11 ironbound frosthearts
  7 hydras
  3 ice dragons (Depths:1)
  2 catoblepae
  31 vault guards
  A merfolk avatar (Shoals:4)
  14 anacondas
  23 centaur warriors
  6 merfolk aquamancers
  3 boulder beetles
  27 dancing weapons
  3 ogre magi
  A death knight (D:14)
  4 stokers
  A vampire mage (Depths:1)
  3 satyrs
  15 two-headed ogres
  4 deep troll shamans
  11 shock serpents
  21 death yaks
  27 naga sharpshooters
  4 deep troll earth magi
  A demonic crawler (Hell)
  22 hell hogs
  A titan zombie (Hell)
  11 naga warriors
  The ghost of NitroKuite the Geomancer, a journeyman GrEE of Vehumet (Lair:1)
  6 orc high priests (Orc:2)
  4 soul eaters (Hell)
  19 deep elf knights
  A spriggan berserker (Depths:1)
  8 tengu warriors
  12 sun demons
  A hell knight (Vaults:5)
  6 skeletal warriors
  A sixfirhy (Hell)
  3 iron trolls
  A shadow wraith (Vaults:5)
  4 skysharks
  7 salamander mystics
  A spark wasp zombie (Hell)
  5 sea snakes
  2 cherubim (Shoals:4)
  48 deep trolls
  An orb spider (shapeshifter) (Elf:1)
  3 glowing orange brains
  11 naga ritualists
  A deep troll (shapeshifter) (Vaults:5)
  A shadow dragon zombie (Hell)
  19 mana vipers
  A tengu zombie (Hell)
  6 arcanists
  2 necromancers
  10 deep elf archers
  24 ironbound convokers
  4 harpies
  14 deep elf zephyrmancers
  11 orc knights
  13 lindwurms
  2 lightning spires (WizLab)
  6 phantasmal warriors
  23 deep elf pyromancers
  18 salamanders
  A harpy (shapeshifter) (D:15)
  15 cyclopes
  9 shining eyes
  6 orc sorcerers
  10 fauns
  22 ugly things
  2 manticores (shapeshifter)
  A meliai (shapeshifter) (Elf:1)
  11 manticores
  49 black mambas
  9 elephants
  7 merfolk sirens
  3 rust devils (Hell)
  An ice statue (IceCv)
  3 kobold blastminers (Orc:1)
  19 vault sentinels
  8 molten gargoyles
  An eye of devastation (shapeshifter) (Depths:1)
  13 guardian serpents
  A smoke demon (Hell)
  A torpor snail (Lair:2)
  3 apocalypse crabs (Shoals:2)
  16 naga magi
  4 water nymphs
  An orange demon (Hell)
  11 komodo dragons
  5 eyes of devastation
  12 cane toads
  An unseen horror (D:12)
  6 gargoyles
  11 rime drakes
  22 yaktaurs
  10 hellions
  A tengu conjurer (Depths:1)
  2 kobold demonologists
  3 tormentors
  Psyche (D:11)
  An efreet (Volcano)
  9 freezing wraiths
  2 ice devils (Hell)
  3 trolls
  24 merfolk
  10 polar bears
  3 hornets
  4 wind drakes
  A blink frog (shapeshifter) (Elf:1)
  9 snapping turtles
  2 ettin zombies
  71 saltlings
  42 blink frogs
  A human simulacrum (Vaults:5)
  A snapping turtle (shapeshifter) (Elf:1)
  A glass eye (shapeshifter) (Vaults:5)
  17 dream sheep
  A dream sheep (shapeshifter) (Vaults:5)
  A jumping spider (Vaults:4)
  95 slime creatures
  5 spriggans
  6 wraiths
  An air elemental (Elf:3)
  A vampire (D:11)
  2 shadows
  47 yaks
  A golden eye (shapeshifter) (Elf:1)
  12 water elementals
  2 wyverns
  2 fire bats (Volcano)
  4 wargs
  2 steam dragons
  16 humans (D:13)
  4 golden eyes (Slime:1)
  3 fire elementals
  2 hogs (shapeshifter)
  2 basilisks
  A redback (Vaults:4)
  4 vampire mosquitoes (D:13)
  The ghost of Ashen the Magician, an amateur GnHW (D:7)
  40 nagas
  A glowing shapeshifter zombie (Hell)
  A yaktaur simulacrum (Vaults:5)
  2 human zombies
  19 water moccasins
  A swamp worm (shapeshifter) (Vaults:5)
  Duvessa (D:5)
  46 orc warriors
  4 black bears
  An ogre (shapeshifter) (Elf:1)
  10 ogres
  2 laughing skulls (D:15)
  5 boggarts (Vaults:1)
  11 centaurs
  21 wolves
  A phantom (D:6)
  2 kobold brigands
  Blork the orc (D:5)
  12 bullfrogs
  2 human skeletons (Vaults:1)
  11 earth elementals
  2 scorpions
  A gnoll sergeant (D:9)
  6 wights
  17 killer bees (D:9)
  Dowan (D:5)
  2 howler monkeys
  3 electric eels (D:13)
  4 jellies
  5 lava snakes (Volcano)
  3 hounds
  A bombardier beetle (D:7)
  2 gnoll boudas
  28 orc priests
  Jessica (D:2)
  Ijyb (D:3)
  3 iguanas
  39 orc wizards
  5 hell rats (Hell)
  15 gnolls
  8 adders
  A shadow imp (D:6)
  15 white imps
  2 ribbon worms
  102 orcs
  8 ball pythons
  5 endoplasms
  5 giant cockroaches
  7 goblins
  10 hobgoblins
  3 jackals (D:4)
  6 quokkas
  5 bats
  5 frilled lizards
  24 kobolds
  4 rats
  A butterfly (Lair:2)
  10 creeping infernos
  17 fire vortices
2252 creatures vanquished.

Vanquished Creatures (collateral kills)
  The ghost of lDtest the Protected, an adept DgEE (Vaults:3)
  An acid blob (Slime:5)
  A rockslime (Slime:5)
3 creatures vanquished.

Vanquished Creatures (others)
  2 eldritch tentacles
  A wolf (IceCv)
  A centaur (D:11)
  A creeping inferno (Geh:2)
  81 fulminant prisms
86 creatures vanquished.

Grand Total: 2341 creatures vanquished

Notes
Turn   | Place    | Note
-------+----------+-------------------------------------------
     0 | D:1      | shadizar the Djinni Conjurer began the quest for the Orb.
     0 | D:1      | shadizar set off with the following spells memorised: Magic
                  | Dart, Searing Ray, Fulminant Prism, Iskenderun's Mystic
                  | Blast.
     0 | D:1      | Reached XP level 1. HP: 15/15 MP: 0/0
   142 | D:1      | Reached XP level 2. HP: 19/21 MP: 0/0
   373 | D:1      | Found a faded altar of an unknown god.
   603 | D:2      | Reached XP level 3. HP: 17/25 MP: 0/0
   603 | D:2      | Learned a level 1 spell: Sandblast
   683 | D:2      | You are sucked into a shaft and drop 2 floors!
   694 | D:4      | Reached skill level 1 in Fighting
   842 | D:2      | Reached XP level 4. HP: 29/32 MP: 0/0
  1139 | D:2      | Noticed Jessica
  1141 | D:2      | Killed Jessica
  1142 | D:2      | Reached XP level 5. HP: 37/38 MP: 0/0
  1142 | D:2      | Learned a level 2 spell: Scorch
  1646 | D:3      | Noticed Ijyb
  1959 | D:4      | Reached XP level 6. HP: 29/46 MP: 0/0
  2859 | D:4      | Found a runed translucent door.
  2860 | D:4      | Noticed Crazy Yiuf
  2903 | D:5      | Entered Level 5 of the Dungeon
  2912 | D:5      | Reached XP level 7. HP: 32/52 MP: 0/0
  2912 | D:5      | Learned a level 3 spell: Summon Ice Beast
  2917 | D:5      | Reached skill level 5 in Spellcasting
  2917 | D:5      | Reached skill level 5 in Conjurations
  2917 | D:5      | Reached skill level 5 in Hexes
  2917 | D:5      | Reached skill level 5 in Summonings
  2917 | D:5      | Reached skill level 5 in Necromancy
  2917 | D:5      | Reached skill level 5 in Translocations
  2917 | D:5      | Reached skill level 5 in Fire Magic
  2917 | D:5      | Reached skill level 5 in Ice Magic
  2917 | D:5      | Reached skill level 5 in Air Magic
  2917 | D:5      | Reached skill level 5 in Earth Magic
  2917 | D:5      | Reached skill level 5 in Alchemy
  3107 | D:5      | Reached skill level 1 in Shields
  3176 | D:5      | Noticed Dowan
  3182 | D:5      | Killed Dowan
  3183 | D:5      | Noticed Duvessa
  3187 | D:5      | Killed Duvessa
  3266 | D:5      | Found a staircase to the Ecumenical Temple.
  3289 | Temple   | Entered the Ecumenical Temple
  3309 | Temple   | Became a worshipper of Makhleb the Destroyer
  3412 | D:5      | Reached XP level 8. HP: 39/58 MP: 0/0
  3749 | D:5      | Noticed Blork the orc
  3756 | D:5      | Killed Blork the orc
  3853 | D:5      | Found a glowing silver altar of Zin.
  3853 | D:5      | Noticed an angel
  3891 | D:5      | Found a sacrificial altar of Ru.
  4221 | D:3      | Reached skill level 5 in Fighting
  4291 | D:3      | Killed Ijyb
  5194 | D:6      | Found a hide-covered altar of Uskayaw.
  5449 | D:7      | Found an opulent altar of Gozag.
  5485 | D:7      | Reached * piety under Makhleb
  5486 | D:7      | Reached skill level 5 in Dodging
  5722 | D:7      | Noticed a two-headed ogre
  5722 | D:7      | Noticed a slime creature
  5731 | D:7      | Reached skill level 1 in Armour
  5775 | D:7      | Reached XP level 9. HP: 57/66 MP: 0/0
  5775 | D:7      | Learned a level 4 spell: Cause Fear
  5958 | D:7      | Found a transporter.
  5958 | D:7      | Found a transporter.
  5960 | D:7      | Noticed Ashen's ghost (amateur GnHW)
  6683 | D:8      | Found an iron altar of Okawaru.
  7037 | D:9      | Identified a scroll of acquirement
  7037 | D:9      | Acquired a manual of Fire Magic
  7252 | D:9      | Reached XP level 10. HP: 63/73 MP: 0/0
  7318 | D:9      | Found a bloodstained altar of Trog.
  7384 | D:9      | Reached ** piety under Makhleb
  7596 | D:9      | Found a flagged portal.
  7603 | Bailey   | Entered a bailey
  7741 | Bailey   | Noticed an orc warlord
  7801 | Bailey   | Found a runed translucent gate.
  7804 | Bailey   | Found a runed translucent gate.
  7805 | Bailey   | Found a runed translucent gate.
  7917 | Bailey   | Killed an orc warlord
  7918 | Bailey   | Reached skill level 5 in Armour
  7918 | Bailey   | Reached XP level 11. HP: 81/81 MP: 0/0
  7918 | Bailey   | Learned a level 5 spell: Curse of Agony
  8028 | D:9      | Noticed a two-headed ogre
  8037 | D:9      | Killed a two-headed ogre
  8038 | D:9      | Reached skill level 10 in Fire Magic
  8163 | D:9      | Reached *** piety under Makhleb
  8224 | D:9      | Found an ornate altar of the Wu Jian Council.
  8338 | D:9      | Found a shimmering altar of Xom.
  8437 | D:7      | Killed Ashen's ghost
  8441 | D:7      | Killed a two-headed ogre
  8587 | D:10     | Entered Level 10 of the Dungeon
  8588 | D:10     | Found Zoepun's Antique Armour Shoppe.
  8661 | D:10     | Found a broken altar of Ashenzari.
  9214 | D:10     | Found a sparkling altar of Nemelex Xobeh.
  9354 | D:11     | Noticed a manticore
  9354 | D:11     | Found a staircase to the Lair.
  9408 | D:11     | Noticed a cyclops
  9415 | D:11     | Killed a cyclops
  9416 | D:11     | Noticed Harold
  9421 | D:11     | Killed a manticore
  9422 | D:11     | Reached XP level 12. HP: 52/88 MP: 0/0
  9467 | D:11     | Noticed Psyche
  9577 | D:11     | Noticed a two-headed ogre
  9580 | D:11     | Noticed a two-headed ogre
  9585 | D:11     | Killed Harold
  9588 | D:11     | Killed a two-headed ogre
  9594 | D:11     | Killed Psyche
  9598 | D:11     | Killed a two-headed ogre
  9606 | D:11     | Reached **** piety under Makhleb
  9787 | D:11     | Noticed a two-headed ogre
  9798 | D:11     | Killed a two-headed ogre
  9799 | D:11     | Reached skill level 10 in Spellcasting
  9799 | D:11     | Reached skill level 10 in Conjurations
  9799 | D:11     | Reached skill level 10 in Hexes
  9799 | D:11     | Reached skill level 10 in Summonings
  9799 | D:11     | Reached skill level 10 in Necromancy
  9799 | D:11     | Reached skill level 10 in Translocations
  9799 | D:11     | Reached skill level 10 in Ice Magic
  9799 | D:11     | Reached skill level 10 in Air Magic
  9799 | D:11     | Reached skill level 10 in Earth Magic
  9799 | D:11     | Reached skill level 10 in Alchemy
  9801 | D:11     | Noticed Josephine
  9804 | D:11     | Noticed a two-headed ogre
  9808 | D:11     | Killed Josephine
  9815 | D:11     | Killed a two-headed ogre
 10048 | Lair:1   | Entered Level 1 of the Lair of Beasts
 10055 | Lair:1   | Reached skill level 10 in Dodging
 10363 | Lair:1   | Reached skill level 10 in Fighting
 10364 | Lair:1   | Reached XP level 13. HP: 93/96 MP: 0/0
 10364 | Lair:1   | Learned a level 5 spell: Fireball
 10393 | Lair:1   | Found a runed translucent door.
 10393 | Lair:1   | Identified the +10 spear of the Iron City of Dis {freeze,
                  | *Rage Str+5 Dex+4}
 10395 | Lair:1   | Noticed NitroKuite's ghost (journeyman GrEE)
 10764 | Lair:1   | Killed NitroKuite's ghost
 11684 | Lair:3   | Reached ***** piety under Makhleb
 11783 | Lair:3   | Found a staircase to the Shoals.
 12414 | Lair:3   | Found a staircase to the Snake Pit.
 13002 | Lair:4   | You are sucked into a shaft and drop 1 floor!
 13002 | Lair:5   | Entered Level 5 of the Lair of Beasts
 13002 | Lair:5   | Noticed a seven-headed hydra
 13006 | Lair:5   | Killed a seven-headed hydra
 13007 | Lair:5   | Reached XP level 14. HP: 100/105 MP: 0/0
 13012 | Lair:5   | Reached skill level 15 in Fire Magic
 14198 | Lair:5   | Noticed a dire elephant
 14210 | Lair:5   | Reached skill level 10 in Armour
 14213 | Lair:5   | Killed a dire elephant
 14363 | Lair:5   | Identified the staff "Putusej" {^Contam +Blink rElec SInv
                  | Air}
 14573 | Lair:5   | Reached XP level 15. HP: 78/112 MP: 0/0
 14573 | Lair:5   | Learned a level 6 spell: Dispersal
 15002 | Lair:5   | Reached ****** piety under Makhleb
 15136 | Lair:5   | Found a viscous altar of Jiyva.
 15137 | Lair:5   | Found a staircase to the Slime Pits.
 16160 | D:12     | Found a staircase to the Orcish Mines.
 16508 | D:12     | Acquired 1056 gold pieces
 16514 | D:12     | Acquired the amulet of the Orange Skies {Acrobat +Blink
                  | rElec rPois rF- Will+++}
 16562 | Orc:1    | Entered Level 1 of the Orcish Mines
 17014 | Orc:1    | Found a bloodstained altar of Trog.
 17422 | Orc:2    | Entered Level 2 of the Orcish Mines
 17452 | Orc:2    | Noticed an orc warlord
 17736 | Orc:2    | Found a staircase to the Elven Halls.
 17751 | Orc:2    | Killed an orc warlord
 17835 | Orc:2    | Found a dark tunnel.
 17843 | Volcano  | Entered a volcano
 18301 | Volcano  | Reached XP level 16. HP: 80/121 MP: 0/0
 19037 | Orc:2    | Found Jiwujiant's General Store.
 19038 | Orc:2    | Found Utyezilov's Jewellery Emporium.
 19040 | Orc:2    | Found Aqoqe's Antique Armour Shoppe.
 19040 | Orc:2    | Found Eqef's Antique Weapon Shoppe.
 19385 | D:13     | Found a frozen archway.
 19416 | IceCv    | Entered an ice cave
 19822 | IceCv    | Noticed a frost giant
 19838 | IceCv    | Killed a frost giant
 20135 | IceCv    | Reached skill level 15 in Spellcasting
 20135 | IceCv    | Reached skill level 15 in Conjurations
 20135 | IceCv    | Reached skill level 15 in Hexes
 20135 | IceCv    | Reached skill level 15 in Summonings
 20135 | IceCv    | Reached skill level 15 in Necromancy
 20135 | IceCv    | Reached skill level 15 in Translocations
 20135 | IceCv    | Reached skill level 15 in Ice Magic
 20135 | IceCv    | Reached skill level 15 in Air Magic
 20135 | IceCv    | Reached skill level 15 in Earth Magic
 20135 | IceCv    | Reached skill level 15 in Alchemy
 20715 | D:13     | Found a gate to the Vaults.
 21846 | D:15     | Entered Level 15 of the Dungeon
 21846 | D:15     | Noticed Nessos
 22108 | D:15     | Noticed Rupert
 22112 | D:15     | Reached XP level 17. HP: 118/130 MP: 0/0
 22112 | D:15     | Learned a level 7 spell: Malign Gateway
 22115 | D:15     | Reached skill level 5 in Shields
 22118 | D:15     | Killed Rupert
 22232 | D:15     | Killed Nessos
 22465 | D:15     | Found a staircase to the Depths.
 23211 | D:15     | Acquired a staff of conjuration
 23352 | Shoals:1 | Entered Level 1 of the Shoals
 24060 | Shoals:1 | Found Atry's General Store.
 24062 | Shoals:1 | Found Rijyu's Specific Store.
 24309 | Shoals:2 | Noticed Ilsuiw
 24318 | Shoals:2 | Killed Ilsuiw
 24475 | Shoals:2 | Found a runed translucent door.
 24481 | Shoals:2 | Found a corrupted altar of Lugonu.
 24481 | Shoals:2 | Found a one-way gate to the infinite horrors of the Abyss.
 25275 | Shoals:3 | Reached skill level 15 in Fighting
 25369 | Shoals:3 | Reached XP level 18. HP: 129/138 MP: 0/0
 25954 | Shoals:3 | Noticed a titan
 25973 | Shoals:3 | Killed a titan
 26495 | Shoals:4 | Entered Level 4 of the Shoals
 26837 | Shoals:4 | Found a glowing silver altar of Zin.
 27167 | Shoals:4 | Found a white marble altar of Elyvilon.
 27257 | Shoals:4 | Found a glowing golden altar of the Shining One.
 27402 | Shoals:4 | Identified the +4 orcbow "Pefah" {flame, rN+ Str+4 Int+3
                  | Stlth-}
 27579 | Shoals:4 | Got a barnacled rune of Zot
 27774 | Snake:1  | Entered Level 1 of the Snake Pit
 27774 | Snake:1  | Found a hide-covered altar of Uskayaw.
 28389 | Snake:1  | Reached XP level 19. HP: 143/144 MP: 0/0
 28389 | Snake:1  | Learned a level 6 spell: Eringya's Noxious Bog
 28730 | Snake:2  | Reached skill level 15 in Dodging
 29024 | Snake:2  | Noticed Vashnia
 29034 | Snake:2  | Killed Vashnia
 29416 | Snake:2  | Noticed Frances
 29422 | Snake:2  | Killed Frances
 29665 | Snake:2  | Noticed Saint Roka
 29683 | Snake:2  | Killed Saint Roka
 31297 | Snake:3  | Reached XP level 20. HP: 114/151 MP: 0/0
 31859 | Snake:4  | Entered Level 4 of the Snake Pit
 31905 | Snake:4  | Reached skill level 10 in Shields
 32012 | Snake:4  | Found Nusebaum's General Store.
 32020 | Snake:4  | Bought the ring of Qunemeli {Fly rElec rPois rN+ rCorr} for
                  | 773 gold pieces
 32020 | Snake:4  | Bought +1 pearl dragon scales for 1783 gold pieces
 32296 | Snake:4  | Found Imitz's Weapon Boutique.
 32318 | Snake:4  | Found Vuomp's Distillery.
 32396 | Snake:4  | Bought a potion of heal wounds for 90 gold pieces
 32455 | Snake:4  | Identified the serpent talisman of Otizaox {Int-5 Dex+2
                  | Slay+2 Stlth+}
 32455 | Snake:4  | Noticed Aizul
 32466 | Snake:4  | Killed Aizul
 32611 | Snake:4  | Found Fese's Magic Scroll Shop.
 32617 | Snake:4  | Bought a scroll of acquirement for 884 gold pieces
 32617 | Snake:4  | Bought a scroll of enchant armour for 127 gold pieces
 32617 | Snake:4  | Bought a scroll of enchant armour for 127 gold pieces
 32623 | Snake:4  | Acquired the ring of Jucuk {rN+ Will+ Int+2 Slay+6}
 33331 | Snake:4  | Got a serpentine rune of Zot
 33706 | Shoals:1 | Bought a scroll of enchant armour for 127 gold pieces
 33859 | Elf:1    | Entered Level 1 of the Elven Halls
 34758 | Elf:1    | Reached XP level 21. HP: 154/157 MP: 0/0
 34758 | Elf:1    | Learned a level 7 spell: Haunt
 35027 | Elf:2    | Found a huge runed translucent gate.
 35027 | Elf:2    | Found a huge runed translucent gate.
 35027 | Elf:2    | Found a huge runed translucent gate.
 35027 | Elf:2    | Found a huge runed translucent gate.
 35027 | Elf:2    | Found a huge runed translucent gate.
 35401 | Elf:2    | Found Moedij's General Store.
 36204 | Elf:2    | Reached skill level 15 in Armour
 36721 | Elf:3    | Entered Level 3 of the Elven Halls
 36721 | Elf:3    | Found Nueps's Armour Shoppe.
 37168 | Elf:3    | Paralysed by an air elemental for 1 turns
 37856 | Elf:3    | Identified the +0 ring mail "Mocuuv" {rN+ SInv}
 37878 | Elf:3    | Identified the +8 great sword "Wug Inip" {flame, ^Drain
                  | Will++ Str+2}
 37892 | Elf:3    | Identified the +0 acid dragon scales of Free Expression
                  | {Harm +Blink rF- rCorr Stlth+}
 37944 | Elf:3    | Identified the ring of Suspected Treachery {rN+ Str+7}
 37947 | Elf:3    | Noticed a Tzitzimitl
 38002 | Elf:3    | Identified the +6 quarterstaff of Taxation {protect, rC+++
                  | Str-3}
 38011 | Elf:3    | Identified the +4 helmet "Ownai" {rF+++ rN+++ Str-3 Stlth+}
 38381 | Slime:1  | Entered Level 1 of the Pits of Slime
 38384 | Slime:1  | Gained mutation: Armour fits poorly on your strangely
                  | shaped body. [a shining eye]
 38386 | Slime:1  | Reached XP level 22. HP: 167/167 MP: 0/0
 38967 | Slime:2  | Gained mutation: You occasionally lose the ability to drink
                  | potions when taking damage. [a shining eye]
 38970 | Slime:2  | Gained mutation: You do not regenerate when monsters are
                  | visible. [a shining eye]
 38975 | Slime:2  | Gained mutation: You are occasionally teleported next to
                  | monsters. [a shining eye]
 39003 | Slime:1  | HP: 3/167 [acid blob/splash of acid (12)]
 39418 | Vaults:1 | Entered Level 1 of the Vaults
 40162 | Vaults:1 | Reached skill level 27 in Fire Magic
 40446 | Vaults:1 | Identified the +2 rapier of Spores {flame, Dex+6}
 41756 | Vaults:2 | Identified the +7 plate armour of Oniatrului {*Corrode
                  | rElec Regen+ Dex+6}
 41777 | Vaults:2 | Reached XP level 23. HP: 166/175 MP: 0/0
 41777 | Vaults:2 | Learned a level 7 spell: Ozocubu's Refrigeration
 42049 | Vaults:2 | Found a crumbling gateway.
 42062 | Desolati | Entered the Desolation of Salt
 42212 | Desolati | Found the +8 whip "Snakebite" {venom, curare, rPois}
 43696 | Desolati | Identified the amulet of the Cast Vote {Faith Str+4 SInv}
 43715 | Desolati | Identified the +0 troll leather armour of Feasting {^Drain
                  | rC+ Will+ Regen+ Int+2}
 43732 | Desolati | Identified the +1 fire dragon scales "Haczi" {rF++ rC- rN+
                  | Will+ Dex-2}
 43781 | Desolati | Identified the +10 sling of Vengeance {speed, rN+ Dex+4}
 44530 | Vaults:2 | Found Sujymoac's General Store.
 45581 | Vaults:3 | Found a staircase to the Crypt.
 45631 | Vaults:3 | Reached XP level 24. HP: 175/184 MP: 0/0
 45804 | Vaults:3 | Found Fareumno's Distillery.
 45808 | Vaults:3 | Found Wupt's Weapon Shoppe.
 45949 | Vaults:3 | Found a runed translucent door.
 45951 | Vaults:3 | Noticed lDtest's ghost (adept DgEE)
 46225 | Vaults:3 | You are sucked into a shaft and drop 1 floor!
 47196 | Vaults:4 | Found Fules's Antique Weapon Shop.
 47887 | Vaults:3 | Found Qitihar's Jewellery Emporium.
 48172 | Vaults:3 | Found Cakasmodosm's Book Emporium.
 48507 | Vaults:3 | Killed lDtest's ghost
 48530 | Vaults:3 | Identified the +1 arbalest of Greatest Utility {penet,
                  | Dex+5 Stlth-}
 48650 | Vaults:5 | Entered Level 5 of the Vaults
 48656 | Vaults:5 | Noticed an ancient lich
 48664 | Vaults:5 | Killed an ancient lich
 48679 | Vaults:5 | Reached skill level 27 in Earth Magic
 48716 | Vaults:5 | Got a silver rune of Zot
 48728 | Vaults:5 | Identified the +1 ring mail "Joonid" {rN+ MP+9 Int+9
                  | Stlth-}
 48763 | Vaults:5 | Reached XP level 25. HP: 134/193 MP: 0/0
 48763 | Vaults:5 | Learned a level 8 spell: Lehudib's Crystal Spear
 48793 | Vaults:5 | Noticed a dread lich
 48809 | Vaults:5 | Killed a dread lich
 49029 | Vaults:5 | Noticed a dread lich
 49033 | Vaults:5 | Killed a dread lich
 51520 | Depths:1 | Entered Level 1 of the Depths
 51539 | Depths:1 | Found a gateway to Hell.
 51563 | Depths:1 | Found a blossoming altar of Fedhas.
 51587 | Depths:1 | Found a magical portal.
 51597 | WizLab   | Entered Maxwell's Workshop
 52021 | WizLab   | Reached XP level 26. HP: 191/201 MP: 0/0
 52060 | WizLab   | Identified the +0 robe of Shielding {Harm rF- Int+5}
 52531 | WizLab   | Identified the ring "Kooh Loa" {Ice MP+9 Str+4}
 52535 | WizLab   | Identified the +1 robe of Fafakiur {Will+ rCorr Dex-3
                  | Slay+6 Stlth-}
 52953 | Depths:1 | Gained mutation: Your body sometimes deteriorates upon
                  | taking damage. [a shining eye]
 54404 | Slime:4  | Gained mutation: You sometimes lose your temper in combat.
                  | [a shining eye]
 54695 | Slime:5  | Entered Level 5 of the Pits of Slime
 54744 | Slime:5  | Lost mutation: You occasionally lose the ability to drink
                  | potions when taking damage. [a shining eye]
 55185 | Slime:5  | Noticed the Royal Jelly
 55202 | Slime:5  | Killed the Royal Jelly
 55518 | Slime:5  | Identified the +1 morningstar of Koaraxt {freeze, rPois rC-
                  | Int+3}
 55573 | Slime:5  | Identified the +3 leather armour "Raqeagull" {Will+}
 55575 | Slime:5  | Identified the +7 scimitar "Killer Klown's Bane" {speed,
                  | rPois rN+}
 55581 | Slime:5  | Got a slimy rune of Zot
 55582 | Slime:5  | Identified the staff "Fairidoa" {+Blink rC+ Dex+3 Ice
                  | Alchemy}
 55589 | Slime:5  | Identified the staff "Orb Guardian's Peril" {rC+ Int+4
                  | Dex-4 Ice}
 55610 | Slime:5  | Identified the +6 quarterstaff "Goblinbane" {spect, *Noise
                  | Int+10}
 55619 | Slime:5  | Identified the +2 scale mail of Uniatid {Harm}
 55647 | Slime:5  | Identified the +0 scale mail "Deonoin" {-Tele Str+4 Int+3}
 56091 | Hell     | Entered the Vestibule of Hell
 56091 | Hell     | Noticed Geryon
 56096 | Hell     | Killed Geryon
 56280 | Hell     | Reached skill level 15 in Shields
 56321 | Hell     | Reached XP level 27. HP: 105/209 MP: 0/0
 56321 | Hell     | Learned a level 9 spell: Shatter
 56351 | Hell     | Noticed an ancient lich
 56927 | Hell     | Killed an ancient lich
 57018 | Hell     | Found a gateway to the Iron City of Dis.
 57191 | Hell     | Found a gateway to the freezing wastes of Cocytus.
 57229 | Hell     | Found a gateway to the decaying netherworld of Tartarus.
 57282 | Hell     | Found a gateway to the ashen valley of Gehenna.
 57371 | Geh:1    | Entered Level 1 of Gehenna
 59972 | Geh:7    | Entered Level 7 of Gehenna
 60020 | Geh:7    | Noticed the Serpent of Hell
 60368 | Geh:7    | Found the +13 sceptre of Asmodeus
 60368 | Geh:7    | Noticed Asmodeus
 60383 | Geh:7    | Killed from afar by Asmodeus

Illustrated notes

Levels and vault maps discovered:
D:1:      amcnicky_arrival_flooded_fountain, layout_rooms,
          nicolae_ecumenical_snake_handling
D:2:      wad_woods_settlement, layout_rooms, uniq_jessica
D:3:      layout_loops_ring, uniq_ijyb
D:4:      layout_basic, dreamdust_gnoll_farm, uniq_crazy_yiuf_cottage
D:5:      layout_loops_cross, mainiacjoe_overflow_small_starburst, zin_angel,
          minmay_temple_entry_waves, uniq_duvessa, uniq_blork_the_orc
D:6:      layout_cave_pools, nicolae_uskayaw_dance_studio
D:7:      layout_basic, nicolae_gozag_cash_rules_everything_around_me,
          nzn_ghost_randoct
D:8:      layout_rooms, kennysheep_mini
D:9:      layout_basic, mainiacjoe_overflow_six_doors_small, marbit_many_paths,
          nzn_wu_jian_council_hall, enter_bailey_2, nicolae_nh_ransacked_shop
D:10:     layout_loops_cross, nemelex_diamond_rough_becter,
          nicolae_overflow_crystal_walls, serial_shops, nicolae_stop_n_shop_1
D:11:     layout_rooms, lair_entry_dummy, minivault_23, uniq_josephine,
          uniq_harold, uniq_psyche
D:12:     layout_cave_pools, serial_column_ruins, column_ruins_hut,
          column_ruins_open_tiny, column_ruins_open_tiny, column_ruins_grid_1
D:13:     layout_irregular_city, david_vaults_3, serial_bayou,
          serial_bayou_pond_e, serial_bayou_pond_c, serial_bayou_lagoon_a,
          serial_bayou_ford_a, portal_ice_cave_entry_imps
D:14:     layout_roguey, nicolae_concentric_dashed_squares_wild
D:15:     grunt_enter_depths_snipers, layout_basic, dreamdust_mushroom_princess,
          minmay_misc_feat_alley, uniq_nessos, uniq_rupert
Temple:   minmay_temple_bridge_abc
Lair:1:   layout_chaotic_city, ebering_ghost_funeral_grove, grunt_megastairs_1
Lair:2:   layout_regular_city, infiniplex_staircase_pool_2, lemuel_fruit_fields
Lair:3:   layout_gridlike, minmay_shoals_entry_beasts,
          minmay_snake_entry_guardpost_medium, serial_bayou_shore_a
Lair:4:   layout_hall_layers, grunt_forest_large_clearings, lemuel_fruit_fields
Lair:5:   grunt_lair_end_beastmaster, layout_regular_city,
          minmay_slime_entry_pillars, grunt_forest_small_clearing_treed
Shoals:1: layout_shoals, nicolae_specific_store
Shoals:2: layout_shoals, nicolae_shoals_abyss_on_the_beach, uniq_ilsuiw
Shoals:3: cheibrodos_shoals_gigantism, layout_shoals
Shoals:4: shoals_end_hellmonk_holy_island, serial_shops
Snake:1:  kennysheep_six_static_rooms, layout_rooms, basic_altar,
          grunt_megastairs_3
Snake:2:  layout_misc_corridors, serial_bayou_shore_b, grunt_megastairs_2,
          uniq_vashnia, uniq_frances, uniq_saint_roka
Snake:3:  layout_grid_maze, nicolae_triple_integral, serial_bayou_shore_b
Snake:4:  snake_pit_salamanders_mu, layout_cave_town, serial_shops,
          nicolae_shop_window_shopping, shop, nicolae_shop_tiny_real_fake_doors,
          shop, uniq_aizul
Slime:1:  layout_caves
Slime:2:  layout_caves
Slime:3:  layout_caves
Slime:4:  layout_caves
Slime:5:  slime_pit_nicolae_royal_road_to_ruin
Orc:1:    layout_caves, trog_butcher_becter
Orc:2:    st_orc_congregation, layout_diamond_mine,
          nicolae_volcano_entry_two_sided, guppyfry_orc_lava_fort
Elf:1:    minmay_elf_arrival_circle, layout_loops_corners,
          nicolae_elf_shapeshifter_party
Elf:2:    elven_hall_of_blades_hangedman_alternative
          [nicolae_blade_entry_sentries_behind_glass], layout_geoelf_grid,
          serial_shops, shop
Elf:3:    minmay_elf_hall_four_x, layout_gridlike, serial_shops,
          nicolae_square_shop
Vaults:1: nicolae_vaults_apartment_2, nicolae_vaults_variable_pillar_hall,
          hangedman_vaults_corner, nicolae_vaults_closet_pinwheel_1,
          hangedman_vaults_cutoff, nicolae_vaults_swerve, vaults_room_door_hall,
          v_misc_22, ontoclasm_vaults_idyll, v_misc_26,
          nicolae_vaults_little_squares_1, nicolae_vaults_trapezoid_lopsided_3,
          layout_vaults_ring
Vaults:2: portal_desolation_entry_salt, ontoclasm_vaults_claustrophobia,
          nicolae_vaults_stand_back, layout_vaults_omnigrid, serial_shops, shop
Vaults:3: ebering_ghost_reflecting_pool, vaults_room_corners,
          minmay_crypt_entry_simple_sparse, v_misc_5, v_misc_29,
          vaults_mumra_hexcomb, nicolae_vaults_sesquioval_fish,
          nicolae_vaults_trapezoid_layered, vaults_room_semicircle,
          grunt_vaults_trifunnel, layout_vaults_big_room, serial_shops,
          nicolae_shop_hallway_stairs, shop, shop, shop
Vaults:4: nicolae_vaults_ellipses_ellipsis, vaults_room_pool,
          vaults_room_door_ring, nicolae_vaults_specimen_jars,
          vaults_room_semicircle, v_misc_26, nicolae_vaults_stepped_doors,
          nicolae_vaults_display_case, nicolae_vaults_closet_pinwheel_5,
          vaults_room_fancy_cross, v_alt_pattern_2,
          nicolae_vaults_little_squares_6, ontoclasm_vaults_ring_large,
          vaults_mumra_hex, nicolae_vaults_diamond_2, vaults_mumra_lcd,
          layout_vaults_maze_bifur, serial_shops, nicolae_shop_waterfront
Vaults:5
Depths:1: layout_roguey, mu_enter_wizlab_4,
          nicolae_hell_entry_hellmouth_sunbeams, serial_co_window_serial,
          co_window_paths_a, co_window_corner_a, co_window_paths_b,
          co_window_paths_a, co_window_corner_a, co_window_of_opportunity_b,
          co_window_cross_2, co_window_cross_4, co_window_unsneaky_path_a,
          co_window_of_opportunity_b, glass_columns_b, glass_columns_c,
          glass_columns_c, glass_columns_a, fedhas_altar_2, firewood_loft
Hell
Geh:1:    layout_gehenna_pools_box
Geh:2:    layout_gehenna_pools_box
Geh:3:    layout_gehenna_pools_triple
Geh:4:    layout_gehenna_lava_caves
Geh:5:    layout_gehenna_lava_caves
Geh:6:    layout_gehenna_pools_box
Geh:7:    geh_hangedman

Skill      XL: |  1  2  3  4  5  6  7  8  9 10 11 12 13 14 15 16 17 18 19 20 21 22 23 24 25 26 27 |
---------------+----------------------------------------------------------------------------------+-----
Stealth        | 2 |  2.0
Fighting       | 1 2 3 4 5 6 7 8 10 11 12 13 14 15 16 17 18 19 20 21 | 21.4
Spellcasting   | 4 5 7 8 9 10 11 12 14 15 16 17 18 19 20 22 23 24 | 24.7
Conjurations   | 4 5 7 8 9 10 11 12 14 15 16 17 18 19 20 22 23 24 | 24.7
Hexes          | 4 5 7 8 9 10 11 12 14 15 16 17 18 19 20 22 23 24 | 24.7
Summonings     | 4 5 7 8 9 10 11 12 14 15 16 17 18 19 20 22 23 24 | 24.7
Necromancy     | 4 5 7 8 9 10 11 12 14 15 16 17 18 19 20 22 23 24 25 | 25.6
Translocations | 4 5 7 8 9 10 11 12 14 15 16 17 18 19 20 22 23 24 | 24.7
Fire Magic     | 4 5 7 9 11 13 14 16 18 20 21 22 23 24 25 27 | 27.0
Ice Magic      | 4 5 7 8 9 10 11 12 14 15 16 17 18 19 20 22 23 24 | 24.7
Air Magic      | 4 5 7 8 9 10 11 12 14 15 16 17 18 19 20 22 23 24 | 24.7
Earth Magic    | 4 5 7 8 9 10 11 12 14 15 16 17 19 20 22 24 26 27 | 27.0
Alchemy        | 4 5 7 8 9 10 11 12 14 15 16 17 18 19 20 22 23 24 | 24.7
Dodging        | 3 5 6 7 9 10 11 12 13 14 15 16 17 18 | 18.4
Shields        | 2 3 4 6 8 9 11 12 13 14 15 | 15.6
Armour         | 1 3 5 6 8 9 10 11 12 13 14 15 16 17 18 | 18.0

Action                     |  1- 3 |  4- 6 |  7- 9 | 10-12 | 13-15 | 16-18 | 19-21 | 22-24 | 25-27 || total
---------------------------+-------+-------+-------+-------+-------+-------+-------+-------+-------++-------
  Melee: Unarmed           |       |     1 |       |       |       |       |       |       |       ||     1
         Mace              |       |       |       |     2 |       |       |       |       |       ||     2
         Staff             |       |       |       |     1 |     1 |       |     2 |     6 |     4 ||    14
   Cast: Magic Dart        |    70 |    92 |   125 |    68 |     3 |     3 |       |       |     1 ||   362
         Iskenderun's Myst |       |     9 |    38 |   121 |   208 |   186 |   245 |   656 |   285 ||  1748
         Searing Ray       |       |     5 |     6 |       |       |       |       |       |       ||    11
         Fulminant Prism   |       |     3 |    17 |    59 |     4 |       |       |       |       ||    83
         Fireball          |       |       |       |       |   296 |   426 |   415 |   318 |   112 ||  1567
         Dispersal         |       |       |       |       |       |       |       |     1 |       ||     1
         Ozocubu's Refrige |       |       |       |       |       |       |       |     6 |   307 ||   313
         Malign Gateway    |       |       |       |       |       |       |       |     1 |     1 ||     2
         Lehudib's Crystal |       |       |       |       |       |       |       |       |    64 ||    64
         Haunt             |       |       |       |       |       |       |       |       |     4 ||     4
         Shatter           |       |       |       |       |       |       |       |       |     1 ||     1
    Use: Scroll            |       |       |    12 |     7 |     7 |     8 |    14 |    12 |     5 ||    65
         Potion            |       |       |       |       |     5 |     5 |     1 |    11 |    12 ||    34
 Armour: Robe              |     2 |    14 |    13 |     2 |       |       |       |       |       ||    31
         Troll leather arm |       |       |       |    48 |    41 |       |       |       |       ||    89
         Steam dragon scal |       |       |       |       |    34 |    13 |       |       |       ||    47
         Ring mail         |       |       |       |       |       |    77 |    82 |       |       ||   159
         Pearl dragon scal |       |       |       |       |       |       |    94 |   224 |   196 ||   514
  Dodge: Dodged            |     6 |    27 |     9 |    35 |    63 |    68 |    71 |    75 |    64 ||   418
  Block: Buckler           |       |       |       |    18 |    17 |    31 |       |       |       ||    66
         Kite shield       |       |       |       |       |       |       |    86 |   110 |    75 ||   271
